 Dungeon Crawl Stone Soup version 0.25-a0-42-g6c54e25894 (webtiles) character file.

Game seed: 4352265328622084143, levelgen mode: deterministic

65 Esekla the Magician (level 3, 0/19 HPs)
             Began as a Deep Elf Wizard on Oct 22, 2019.
             Succumbed to an adder's poison
             ... on level 2 of the Dungeon.
             The game lasted 00:13:44 (1394 turns).

Esekla the Magician (Deep Elf Wizard)               Turns: 1394, Time: 00:13:44

Health: 0/19       AC:  8    Str:  5    XL:     3   Next: 92%
Magic:  3/11       EV:  9    Int: 29    God:
Gold:   57         SH:  0    Dex: 13    Spells: 3/12 levels left

rFire    . . .     SeeInvis +   g - +0 short sword
rCold    . . .     Gourm    .   (no shield)
rNeg     . . .     Faith    .   p - +0 ring mail (curse)
rPois    .         Spirit   .   b - +1 hat
rElec    .         Reflect  .   (no cloak)
rCorr    .         Harm     .   (no gloves)
MR       .....     Clarity  +   (no boots)
Stlth    +.........             (no amulet)
HPRegen  0.06/turn              h - ring of see invisible
MPRegen  0.12/turn              (no ring)

@: brilliant, lethally poisoned (0 -> -3), very slightly contaminated
A: yellow scales 1, clarity, clever 1, deterioration 1
a: no special abilities


You were on level 2 of the Dungeon.
You were hungry.

You visited 1 branch of the dungeon, and saw 2 of its levels.

You collected 57 gold pieces.

Inventory:

Hand Weapons
 g - a +0 short sword (weapon)
 l - a +0 spear
Armour
 a - a +0 robe
 b - a +1 hat (worn)
 p - a cursed +0 ring mail (worn)
Jewellery
 h - a ring of see invisible (left hand)
Potions
 j - 2 potions of berserk rage
 n - a potion of might
Comestibles
 d - 2 rations


   Skills:
 + Level 0.3 Short Blades
 + Level 2.9 Dodging
 + Level 2.8 Stealth
 + Level 5.4 Spellcasting
 * Level 1.9 Conjurations
   Level 1.1 Summonings
 * Level 1.1 Translocations
 * Level 0.2 Fire Magic
 * Level 1.1 Air Magic


You had 3 spell levels left.
You knew the following spells:

 Your Spells              Type           Power        Failure   Level  Hunger
a - Magic Dart            Conj           ####         1%          1    None
b - Blink                 Tloc           N/A          3%          2    None
c - Mephitic Cloud        Conj/Pois/Air  ####....     7%          3    None
f - Conjure Flame         Conj/Fire      ####....     7%          3    None

Your spell library contained the following spells:

 Spells                   Type           Power        Failure   Level  Hunger
 Call Imp                 Summ           ####....     3%          2    None
 Slow                     Hex            ####....     5%          2    None


Dungeon Overview and Level Annotations

Branches:
Dungeon (2/15)

Altars:


Innate Abilities, Weirdness & Mutations

You are partially covered in yellow scales. (AC +2)
You possess an exceptional clarity of mind.
Your mind is acute. (Int +2)
Your body sometimes deteriorates upon taking damage.


Message History

It was a potion of brilliance.
You feel clever all of a sudden.
* * * LOW HITPOINT WARNING * * *
You feel sick.
* * * LOW HITPOINT WARNING * * *
You feel sick.
* * * LOW HITPOINT WARNING * * *
You feel sick.
Really quaff the potion of mutation?
You feel extremely strange.
You feel less energetic.
Your vision sharpens.
Really quaff the potion of mutation?
You feel extremely strange.
Your vision seems duller.
You feel more energetic.
You feel yourself wasting away.
Yellow scales grow over part of your body.
You feel clever.
Your thoughts seem clearer.
* * * LOW HITPOINT WARNING * * *
You feel sick.
You die...

#.....#.#..†)#.##......
#.....#.####w..####.###.#
#...†.#.....##..........#
#####.#####.##.#....##..
........# #.#..[.#..#
#####.#.###.#....#..#
..#.#........#.!.#
#.##.#.#.#.#####..#
#.##.#.#.....@....#
#....(...#.######.#
####.#.#.#.# .# #.#...#
##### #.#######
......#†.......
........########
...............#
........######.#


There were no monsters in sight!

Vanquished Creatures
  3 adders (D:2)
  A dart slug (D:2)
  4 leopard geckos
  4 giant cockroaches
  3 goblins
  3 hobgoblins
  3 kobolds (D:2)
  5 bats
  7 rats
33 creatures vanquished.

Notes
Turn   | Place    | Note
-------+----------+-------------------------------------------
     0 | D:1      | Esekla the Deep Elf Wizard began the quest for the Orb.
     0 | D:1      | Reached XP level 1. HP: 10/10 MP: 7/7
    99 | D:2      | Reached XP level 2. HP: 15/15 MP: 2/9
   127 | D:2      | Learned a level 2 spell: Blink
   221 | D:1      | Reached skill level 5 in Spellcasting
   883 | D:2      | Reached XP level 3. HP: 7/19 MP: 1/11
   892 | D:2      | Learned a level 3 spell: Mephitic Cloud
   896 | D:2      | Learned a level 3 spell: Conjure Flame
  1223 | D:2      | Reached skill level 1 in Air Magic
  1389 | D:2      | Gained mutation: Your magical capacity is low. (-10% MP)
                  | [potion of mutation]
  1389 | D:2      | Gained mutation: You have supernaturally acute eyesight.
                  | (SInv) [potion of mutation]
  1390 | D:2      | Lost mutation: You have supernaturally acute eyesight.
                  | (SInv) [potion of mutation]
  1390 | D:2      | Lost mutation: Your magical capacity is low. (-10% MP)
                  | [potion of mutation]
  1390 | D:2      | Gained mutation: Your body sometimes deteriorates upon
                  | taking damage. [potion of mutation]
  1390 | D:2      | Gained mutation: You are partially covered in yellow
                  | scales. (AC +2) [potion of mutation]
  1390 | D:2      | Gained mutation: Your mind is acute. (Int +2) [potion of
                  | mutation]
  1390 | D:2      | Gained mutation: You possess an exceptional clarity of
                  | mind. [potion of mutation]
  1394 | D:2      | Succumbed to an adder's poison

Levels and vault maps discovered:
D:1:      onia_arrival_handbag, layout_loops_corners, chequers_jeans,
          chequers_big_river
D:2:      layout_basic, vehumet_crystals, first_ration, minmay_hexomino_p4,
          uniq_robin

Skill      XL: |  1  2  3 |
---------------+----------+-----
Spellcasting   | 5 |  5.4
Air Magic      | 1 |  1.1
Short Blades   | |  0.3
Dodging        | |  2.9
Stealth        | |  2.8
Conjurations   | |  1.9
Summonings     | |  1.1
Translocations | |  1.1
Fire Magic     | |  0.2

Action                   || total
-------------------------++-------
Melee: Dagger            ||    15
       Short sword       ||    19
       Spear             ||     6
 Cast: Magic Dart        ||    65
       Blink             ||     2
       Conjure Flame     ||     1
  Use: Scroll            ||     8
       Potion            ||     3
 Stab: Sleeping          ||     3
  Eat: Chunk             ||     1
Armor: Robe              ||     5
       Ring mail         ||    15
Dodge: Dodged            ||    33

Table legend:
 A = Non-vault XP
 B = Vault XP
 C = Vault XP percentage of total XP
 D = Non-vault monster count
 E = Vault monster count
 F = Vault count percentage of total count
                 A         B        C        D         E       F
            +---------+---------+-------+---------+---------+-------
      Total |      88 |       5 |   5.4 |      28 |       5 |  15.2
            +---------+---------+-------+---------+---------+-------
        D:1 |      16 |       3 |  15.8 |       9 |       3 |  25.0
        D:2 |      72 |       2 |   2.7 |      19 |       2 |   9.5
            +---------+---------+-------+---------+---------+-------
